 Dungeon Crawl Stone Soup version 0.29-a0-553-g81b289dbe5 (webtiles) character file.

Game seed: 2778135164768014854

54 bande the Skirmisher (level 3, 0/24 HPs)
             Began as a Gargoyle Fighter on June 7, 2022.
             Slain by a gnoll
             ... wielding a +0 halberd
              (7 damage)
             ... on level 2 of the Dungeon.
             The game lasted 00:01:57 (1411 turns).

bande the Skirmisher (Gargoyle Fighter)             Turns: 1411, Time: 00:01:57

Health: 0/24       AC: 10    Str: 19    XL:     3   Next: 91%
Magic:  3/3        EV:  9    Int:  8    God:
Gold:   37         SH:  4    Dex: 11    Spells: 2/2 levels left

rFire   . . .      SeeInvis +   a - +1 war axe
rCold   . . .      Faith    .   c - +0 buckler
rNeg    + . .      Spirit   .   b - +0 scale mail
rPois   ∞          Reflect  .   (no helmet)
rElec   +          Harm     .   (no cloak)
rCorr   .          Rampage  .   (no gloves)
Will    .....                   (no boots)
Stlth   ..........              (no amulet)
HPRegen 0.00/turn               (no ring)
MPRegen 0.08/turn               (no ring)

@: inhibited regen
A: sickness immunity, AC +3, negative energy resistance 1, electricity
resistance, torment resistance 1, petrification resistance, hooves 1, see
invisible, inhibited regeneration
a: no special abilities


You were on level 2 of the Dungeon.
You visited 1 branch of the dungeon, and saw 2 of its levels.

You collected 37 gold pieces.

Inventory:

Hand Weapons
 a - a +1 war axe (weapon)
Missiles
 i - 3 silver boomerangs (quivered)
Armour
 b - a +0 scale mail (worn)
 c - a +0 buckler (worn)
Scrolls
 f - 2 scrolls of amnesia
 g - a scroll of teleportation
 h - 2 scrolls of immolation
 j - a scroll of summoning
Potions
 d - a potion of might
 e - a potion of resistance {unknown}
 l - a potion of cancellation {unknown}
 m - 2 potions of attraction {unknown}
 o - a potion of curing {unknown}


   Skills:
 + Level 3.7 Fighting
 + Level 2.7 Axes
 + Level 3.7 Armour
 + Level 3.6 Shields


You had 2 spell levels left.
You didn't know any spells.
Your spell library was empty.

Dungeon Overview and Level Annotations

Branches:
Dungeon (2/15)

Altars:


Innate Abilities, Weirdness & Mutations

You are immune to sickness and miasma.
Your stone body is resilient. (AC +3)
You are immune to poison.
You resist negative energy. (rN+)
You are resistant to electric shocks. (rElec)
You are resistant to unholy torment.
You are immune to petrification.
You have large cloven feet.
You have supernaturally acute eyesight. (SInv)
You do not regenerate when monsters are visible.


Message History

Things that are here:
a +0 robe; a human skeleton You swap places.
Your hobgoblin dissolves into shadows!
Your jackal dissolves into shadows!
Found a stone staircase leading up.
m - 2 smoky golden potions (gained 1) 2 gnolls come into view.
Found a scroll of blinking, a scroll of immolation and a short sword.
The gnoll shouts! x2
A bat comes into view.
A gnoll comes into view. It is wielding a +0 spear.
A rat comes into view.
There are monsters nearby!
The bat hits you but does no damage. The gnoll closely misses you.
You hit the bat.
You kill the bat!
The gnoll hits you from afar with a +0 spear.
The gnoll closely misses you. The rat bites you.
The gnoll hits you from afar with a +0 spear.
Things that are here:
a scroll of blinking; a bat corpse You barely miss the gnoll.
You completely miss the rat. The gnoll closely misses you.
The gnoll hits you but does no damage. The gnoll hits you with a +0 halberd.
You block the rat's attack. The rat completely misses you.
The gnoll closely misses you. The gnoll misses you.
The gnoll hits you from afar with a +0 spear.
The gnoll misses you. The rat barely misses you. The gnoll barely misses you.
The gnoll hits you with a +0 halberd.
You slash the gnoll!
You kill the gnoll!
You hit the gnoll but do no damage. You slash the rat!
You kill the rat!
You hit the gnoll. The gnoll hits you but does no damage.
The gnoll hits you with a +0 halberd.
* * * LOW HITPOINT WARNING * * *
The gnoll hits you with a +0 halberd!
You die...

#. ##..#..##P.[...P##
#..#....######♣_♣###
.............####
####....######
#..........#
#.......####.#######
#.##....##.........#
. #....##...?g....#
#....##...†.@...#
#.<..##.....g...#
..........?....)....
########.........###.
#.........#
#.........#
###########


You could see 2 gnolls.

Vanquished Creatures
  2 adders
  A gnoll (D:2)
  A dart slug (D:2)
  2 ball pythons (D:1)
  5 endoplasms (D:1)
  3 hobgoblins (D:1)
  A quokka (D:1)
  5 bats
  2 frilled lizards (D:1)
  3 rats
25 creatures vanquished.

Vanquished Creatures (collateral kills)
  A rat (D:2)
1 creature vanquished.

Vanquished Creatures (others)
  A fungus (D:2)
  A plant (D:2)
  4 toadstools (D:1)
6 creatures vanquished.

Grand Total: 32 creatures vanquished

Notes
Turn   | Place    | Note
-------+----------+-------------------------------------------
     0 | D:1      | bande the Gargoyle Fighter began the quest for the Orb.
     0 | D:1      | Reached XP level 1. HP: 14/14 MP: 1/1
   332 | D:1      | Reached XP level 2. HP: 19/19 MP: 2/2
  1105 | D:1      | Reached XP level 3. HP: 18/24 MP: 3/3
  1319 | D:2      | Gained mutation: You have large cloven feet. [potion of
                  | mutation]
  1319 | D:2      | Gained mutation: You have supernaturally acute eyesight.
                  | (SInv) [potion of mutation]
  1319 | D:2      | Gained mutation: You do not regenerate when monsters are
                  | visible. [potion of mutation]
  1363 | D:2      | Found a faded altar of an unknown god.
  1411 | D:2      | Slain by a gnoll

Illustrated notes

Levels and vault maps discovered:
D:1:      ldierk_walled_garden_2, layout_loops_corners, solitary_fountain,
          chequers_avenue
D:2:      layout_rooms, dreamdust_ecumenical_altar_hidden_monk_grotto

Skill      XL: |  1  2 |
---------------+-------+-----
Axes           | 2 |  2.7
Fighting       | |  3.7
Armour         | |  3.7
Shields        | |  3.6

Action                   || total
-------------------------++-------
Melee: War axe           ||    58
       Kick              ||     1
  Use: Scroll            ||     7
       Potion            ||     1
Armor: Scale mail        ||    36
Dodge: Dodged            ||    42
Block: Buckler           ||    13

Table legend: (Time is in decaauts)
 A = Elapsed time spent in this place.
 B = Non-inter-level travel time spent in this place.
 C = Inter-level travel time spent in this place.
 D = Time resting spent in this place.
 E = Time spent auto-exploring this place.
 F = Levels seen in this place.
 G = Mean time per level.
                   A        B        C        D        E       F      G
               +--------+--------+--------+--------+--------+-----+--------+
         Total |   1443 |   1443 |      0 |    175 |   1063 |   2 |  721.5 |
       Dungeon |   1443 |   1443 |      0 |    175 |   1063 |   2 |  721.5 |
               +--------+--------+--------+--------+--------+-----+--------+

Top non-repeatable levels by time:
     D:1: 1300 daAuts
     D:2: 142 daAuts
